 Dungeon Crawl Stone Soup version 0.25-a0-857-g60a0bcd (webtiles) character file.

Game seed: 17763690834082797237, levelgen mode: deterministic

60 BlueFish the Skirmisher (level 3, -2/34 HPs)
             Began as a Minotaur Fighter on Apr 26, 2020.
             Slain by a gnoll
             ... wielding a +0 whip
              (6 damage)
             ... on level 2 of the Dungeon.
             The game lasted 00:03:47 (895 turns).

BlueFish the Skirmisher (Minotaur Fighter)           Turns: 895, Time: 00:03:47

Health: -2/34      AC:  7    Str: 20    XL:     3   Next: 82%
Magic:  2/2        EV:  9    Int:  5    God:
Gold:   37         SH:  0    Dex: 10    Spells: 2/2 levels left

rFire    . . .     SeeInvis .   a - +0 long sword
rCold    . . .     Gourm    .   (no shield)
rNeg     . . .     Faith    .   b - +0 scale mail
rPois    .         Spirit   .   (helmet restricted)
rElec    .         Reflect  .   (no cloak)
rCorr    .         Harm     .   (no gloves)
MR       .....                  (no boots)
Stlth    ..........             (no amulet)
HPRegen  0.11/turn              (no ring)
MPRegen  0.08/turn              (no ring)

@: no status effects
A: retaliatory headbutt, horns 2
a: no special abilities


You were on level 2 of the Dungeon.
You were not hungry.

You visited 1 branch of the dungeon, and saw 2 of its levels.

You collected 37 gold pieces.

Inventory:

Hand Weapons
 a - a +0 long sword (weapon)
Armour
 b - a +0 scale mail (worn)
 c - a +0 kite shield
Scrolls
 g - a scroll of enchant weapon {unknown}
 i - a scroll of amnesia {unknown}
Potions
 d - 2 potions of might
 e - a potion of stabbing {unknown}
 j - a potion of heal wounds {unknown}
 k - a potion of curing {unknown}
Comestibles
 f - 4 rations
 h - 7 chunks of flesh


   Skills:
 * Level 4.7 Fighting
 * Level 2.8 Long Blades
 * Level 4.5 Armour
 + Level 0.1 Dodging
 + Level 3.7 Shields


You had 2 spell levels left.
You didn't know any spells.
Your spell library was empty.

Dungeon Overview and Level Annotations

Branches:
Dungeon (2/15)

Altars:
Uskayaw


Innate Abilities, Weirdness & Mutations

You reflexively headbutt those who attack you in melee.
You have a pair of horns on your head.


Message History

You kill the gnoll!
The gnoll hits you with a +0 whip!
* * * LOW HITPOINT WARNING * * *
You barely miss the gnoll. You headbutt the gnoll.
You kill the gnoll!
The gnoll barely misses you. The gnoll hits you but does no damage.
Okay, then.
Okay, then.
You closely miss the gnoll. Your headbutt misses the gnoll.
The gnoll hits you but does no damage.
You hit the gnoll. You headbutt the gnoll!
The gnoll is severely wounded.
The gnoll closely misses you.
You barely miss the gnoll.
The gnoll is severely wounded.
The gnoll misses you.
You barely miss the gnoll.
The gnoll is severely wounded.
The gnoll hits you with a +0 whip.
You die...

#.#.# ##..# #.#.# #...#
#.#.# #...# #####.#.#
##...### .. ......#<#
......# #(# .######.# #
#..#.# #.# .# #.# #.###
#)#.# #.# .######.#
#?...##.#.####.# ........#
#....@gg.....#.#
#######.####..####.####...#
#.......##.....##...#######
#>#####.#.......#...>......
#.......#.......#...#######
#.#####....._.....#.# ###.#
#.#.......#.#.#
#...#####.#...)...#.#.#
#.#.......##.....##.#.#


You could see 2 gnolls.

Vanquished Creatures
  5 gnolls (D:2)
  2 hobgoblins (D:1)
  4 kobolds
  A bat (D:1)
  A frilled lizard (D:1)
  A goblin (D:1)
  4 rats
18 creatures vanquished.

Notes
Turn   | Place    | Note
-------+----------+-------------------------------------------
     0 | D:1      | BlueFish the Minotaur Fighter began the quest for the Orb.
     0 | D:1      | Reached XP level 1. HP: 19/19 MP: 0/0
   256 | D:1      | Reached XP level 2. HP: 27/27 MP: 1/1
   729 | D:2      | Found a hide-covered altar of Uskayaw.
   739 | D:2      | Reached XP level 3. HP: 22/34 MP: 2/2
   895 | D:2      | Slain by a gnoll

Levels and vault maps discovered:
D:1:      lemuel_arrival_funnel, layout_basic
D:2:      layout_loops_ring, old_standard_altar, grunt_temple_overflow_diamond

Skill      XL: |  1  2 |
---------------+-------+-----
Armour         | 4 |  4.5
Fighting       | 4 |  4.7
Long Blades    | |  2.8
Dodging        | |  0.1
Shields        | |  3.7

Action                   || total
-------------------------++-------
Melee: Long sword        ||    48
       Headbutt          ||     4
Armor: Scale mail        ||    15
Dodge: Dodged            ||    28
       Rpst.: Long sword ||     7

Table legend:
 A = Non-vault XP
 B = Vault XP
 C = Vault XP percentage of total XP
 D = Non-vault monster count
 E = Vault monster count
 F = Vault count percentage of total count
                 A         B        C        D         E       F
            +---------+---------+-------+---------+---------+-------
      Total |      87 |       0 |   0.0 |      18 |       0 |   0.0
            +---------+---------+-------+---------+---------+-------
        D:1 |      14 |       0 |   0.0 |      10 |       0 |   0.0
        D:2 |      73 |       0 |   0.0 |       8 |       0 |   0.0
            +---------+---------+-------+---------+---------+-------
